 Dungeon Crawl Stone Soup version 0.21-a0-529-g8c7b3f5 (webtiles) character file.

4 graki42 the Skirmisher (level 1, 0/14 HPs)
             Began as a Gargoyle Fighter on Dec 10, 2017.
             Slain by a ball python (1 damage)
             ... on level 1 of the Dungeon.
             The game lasted 00:00:32 (147 turns).

graki42 the Skirmisher (Gargoyle Fighter)            Turns: 147, Time: 00:00:33

Health: 0/14       AC: 10    Str: 19    XL:     1   Next: 60%
Magic:  1/1        EV:  4    Int: 13    God:
Gold:   11         SH:  9    Dex:  9    Spells: 0/0 levels left

rFire    . . .     SeeInvis .   a - +0 flail
rCold    . . .     Gourm    .   c - +0 shield
rNeg     + . .     Faith    .   b - +0 scale mail
rPois    ∞         Spirit   .   (no helmet)
rElec    +         Reflect  .   (no cloak)
rCorr    .         Harm     .   (no gloves)
MR       .....                  i - +0 pair of boots (curse)
Stlth    ..........             (no amulet)
HPRegen  0.04/turn              (no ring)
MPRegen  0.07/turn              (no ring)

@: brilliant, constricted
A: negative energy resistance 1, electricity resistance, unbreathing,
petrification resistance, rot immunity, AC +2
a: no special abilities


You were on level 1 of the Dungeon.
You were not hungry.

You visited 1 branch of the dungeon, and saw 1 of its levels.

You collected 11 gold pieces.

Inventory:

Hand Weapons
 a - a +0 flail (weapon)
Armour
 b - a +0 scale mail (worn)
 c - a +0 shield (worn)
 i - a cursed +0 pair of boots (worn)
Jewellery
 e - an uncursed ring of ice {unknown}
Scrolls
 h - a scroll of remove curse {unknown}
Potions
 d - a potion of might
Comestibles
 f - a bread ration


   Skills:
 + Level 3.3 Fighting
 + Level 2.0 Maces & Flails
 + Level 3.3 Armour
 + Level 3.3 Shields


You couldn't memorise any spells.
You didn't know any spells.

Dungeon Overview and Level Annotations

Branches:
Dungeon (1/15)

Altars:


Innate Abilities, Weirdness & Mutations

You are resistant to torment.
Your stone body is resilient. (AC +2)
You are immune to poison.
You resist negative energy. (rN+)
You are resistant to electric shocks. (rElec)
You can survive without breathing.
You are immune to petrification.
You are immune to rotting.


Message History

You hit the gnoll but do no damage.
The gnoll is almost dead.
The bat hits you but does no damage. The bat barely misses you.
You block the kobold's attack.
The ball python bites you but does no damage.
The ball python constricts you. The gnoll hits you with a club!
Ouch! That really hurt!
* * * LOW HITPOINT WARNING * * *
The kobold hits you but does no damage.
You hit the gnoll.
The gnoll is almost dead.
The bat hits you but does no damage. x2; You block the ball python's attack.
The ball python constricts you. The bat hits you but does no damage.
The gnoll hits you but does no damage. You block the ball python's attack.
The ball python constricts you. You block the kobold's attack.
A goblin comes into view. It is wielding a club.
It was a potion of brilliance.
You feel clever all of a sudden. The bat hits you but does no damage.
You block the ball python's attack.
You die...

.. # # . .. .#. #.#.
#g# .#.#.##.# .#
(........ #.##
#......K######.. ##
#.....KgS....... ..
#.....b@# ..# #.
........# #.# #.
#.......######.# #.
#..%..%.†.....$## ##.
#.......###.##..# #..
......... #.....##
##..
####(.......#....#
#...
######.#####..####..#
#. ##..##..#.


You could see a gnoll, a goblin, a bat, a ball python and 2 kobolds.

Vanquished Creatures
  A bat (D:1)
  A hobgoblin (D:1)
  A kobold (D:1)
3 creatures vanquished.

Notes
Turn   | Place    | Note
-------+----------+-------------------------------------------
     0 | D:1      | graki42 the Gargoyle Fighter began the quest for the Orb.
     0 | D:1      | Reached XP level 1. HP: 14/14 MP: 1/1
   147 | D:1      | Slain by a ball python

Vault maps used:
D:1:      saegor_arrival_simple_c, minmay_misc_feat_x, minmay_tiny_reverse_x

Action                   || total
-------------------------++-------
Melee: Flail             ||    30
  Use: Potion            ||     1
Armor: Scale mail        ||    35
Dodge: Dodged            ||     7
Block: Shield            ||    26

Table legend:
 A = Spawn XP
 B = Non-spawn XP
 C = Spawn XP percentage of total XP
 D = Spawn monster count
 E = Non-spawn monster count
 F = Spawn count percentage of total count
 G = Total turns spent on level
                    A         B        C        D         E        F      G
               +---------+---------+-------+---------+---------+-------+---------
         Total |       0 |       6 |   0.0 |       0 |       3 |   0.0 |   147
               +---------+---------+-------+---------+---------+-------+---------
           D:1 |       0 |       6 |   0.0 |       0 |       3 |   0.0 |   147
               +---------+---------+-------+---------+---------+-------+---------
